 Dungeon Crawl Stone Soup version 0.30.1-9-gdf580d7c3d (webtiles) character file.

Game seed: 9565091538578126013

1794069 LordWeiramon the Merry Demigod (level 26, 266/266 HPs)
             Began as a Demigod Hexslinger on Oct 20, 2023.
             Escaped with the Orb
             ... and 3 runes on Oct 21, 2023!
             The game lasted 05:10:43 (64172 turns).

LordWeiramon the Merry Demigod (DgHs)              Turns: 64172, Time: 05:10:44

Health: 266/266    AC: 23    Str: 15      XL:     26   Next: 56%
Magic:  36/36      EV: 64    Int: 12 (14) God:
Gold:   2313       SH:  0    Dex: 51      Spells: 26/27 levels left

rFire   + . .        a - +9 arbalest (freeze)
rCold   . . .        (shield currently unavailable)
rNeg    . . .        w - +4 moon troll leather armour {Spirit, Regen++ MP+5}
rPois   +            p - +2 hat {SInv}
rElec   .            D - +2 cloak {rPois}
rCorr   .            g - +3 pair of gauntlets of War {Slay+5}
SInv    +            I - +2 pair of boots {Fly}
Will    +++..        J - amulet "Wionyvuw" {Acrobat rF+ Regen+ Int+2 Slay+6}
Stlth   +            u - +6 ring of dexterity
HPRegen 3.04/turn    R - ring of willpower
MPRegen 0.25/turn

%: acrobat, guardian spirit
@: flying, studying 5 skills
A: high MP 2, forlorn, divine attributes, beak, dopey 1, strong 1
0: Orb of Zot
}: 3/15 runes: decaying, silver, gossamer
a: no special abilities


You escaped.
You visited 10 branches of the dungeon, and saw 50 of its levels.
You visited the Abyss 1 time.
You visited 1 bazaar.
You also visited: Trove, Ice Cave and Wizlab.

You collected 7869 gold pieces.
You spent 5556 gold pieces at shops.

Inventory:

Hand Weapons
 a - a +9 arbalest of freezing (weapon)
Armour
 g - the +3 pair of gauntlets of War (worn) {Slay+5}
   (You bought it in a shop in a bazaar)

   Slay:      It affects your accuracy & damage with ranged weapons and melee
   (+5).
 p - a +2 hat of see invisible (worn)
 w - the +4 moon troll leather armour (worn) {Spirit, Regen++ MP+5}
   (You took it off a moon troll in a wizard's laboratory)

   MP:        It affects your magic capacity (+5).
   Regen:     It increases your rate of health regeneration.
 D - a +2 cloak of poison resistance (worn)
 I - a +2 pair of boots of flying (worn)
 X - the +3 cloak of Xelic {Stlth+}
   (You found it on level 4 of the Swamp)

   Stlth:     It makes you more stealthy.
Jewellery
 c - a ring of protection from cold
 k - a ring of protection from fire
 u - a +6 ring of dexterity (left hand)
 x - a ring of resist corrosion
 F - the ring of Xom's Pride {rElec Str+6 Int+4 Dex-2}
   (You found it on level 4 of the Swamp)

   [ring of strength]

   Str:       It affects your strength (+6).
   Int:       It affects your intelligence (+4).
   Dex:       It affects your dexterity (-2).
   rElec:     It insulates you from electricity.
 J - the amulet "Wionyvuw" (around neck) {Acrobat rF+ Regen+ Int+2 Slay+6}
   (You bought it in a shop on level 3 of the Depths)

   [amulet of the acrobat]

   It increases your evasion while moving and waiting.
   Int:       It affects your intelligence (+2).
   Slay:      It affects your accuracy & damage with ranged weapons and melee
   (+6).
   rF:        It protects you from fire.
   Regen:     It increases your rate of health regeneration.
 M - the ring of Seuneegi {rF+ rC+ Dex-2 Slay+3}
   (You found it on level 2 of the Depths)

   [ring of protection from fire]

   Dex:       It affects your dexterity (-2).
   Slay:      It affects your accuracy & damage with ranged weapons and melee
   (+3).
   rF:        It protects you from fire.
   rC:        It protects you from cold.
 R - a ring of willpower (right hand)
 T - a ring of protection from fire
 U - the ring "Yrudeo" {rPois rN+ Int+4}
   (You found it in an ice cave)

   [ring of poison resistance]

   Int:       It affects your intelligence (+4).
   rPois:     It protects you from poison.
   rN:        It protects you from negative energy.
 Z - the ring of Hajyllex {rC+ rN+ Str+2 Stlth+}
   (You found it on level 3 of the Crypt)

   [ring of positive energy]

   Str:       It affects your strength (+2).
   rC:        It protects you from cold.
   rN:        It protects you from negative energy.
   Stlth:     It makes you more stealthy.
Wands
 e - a wand of flame (172)
 r - a wand of digging (23)
 v - a wand of paralysis (47)
 H - a wand of mindburst (33)
 L - a wand of iceblast (48)
 P - a wand of quicksilver (25)
Scrolls
 d - 25 scrolls of teleportation
 f - 5 scrolls of brand weapon
 o - 3 scrolls of fear
 q - 17 scrolls of fog
 A - 2 scrolls of enchant armour
 E - 9 scrolls of enchant weapon
 G - 5 scrolls of magic mapping
 K - 9 scrolls of poison
 O - 3 scrolls of silence
 V - 2 scrolls of butterflies
 Y - 7 scrolls of blinking
Potions
 h - 2 potions of invisibility
 i - 16 potions of mutation
 l - 12 potions of heal wounds
 m - 16 potions of ambrosia
 s - a potion of cancellation
 t - 8 potions of resistance
 z - 17 potions of flight
 B - 4 potions of haste
 C - 21 potions of curing
Miscellaneous
 b - a lightning rod (4/4)
 n - a phial of floods
 y - a phantom mirror
 N - a tin of tremorstones (2/2)
 Q - a box of beasts


   Skills:
 O Level 27 Fighting
 O Level 27 Ranged Weapons
 + Level 10.9 Armour
 O Level 27 Dodging
 - Level 1.0 Spellcasting
 - Level 2.6 Hexes
 - Level 5.0 Evocations


You had 26 spell levels left.
You knew the following spells:

 Your Spells              Type           Power      Damage    Failure   Level
a - Slow                  Hex            28%        N/A       12%         1

Your spell library contained the following spells:

 Spells                   Type           Power      Damage    Failure   Level
 Ensorcelled Hibernation  Hex/Ice        6%         N/A       30%         2
 Apportation              Tloc           0%         N/A       34%         1
 Beastly Appendage        Tmut           0%         N/A       34%         1
 Foxfire                  Conj/Fire      0%         2x1d4     34%         1
 Freeze                   Ice            0%         1d3       34%         1
 Kiss of Death            Conj/Necr      0%         2d5       34%         1
 Magic Dart               Conj           0%         1d3       34%         1
 Sandblast                Erth           0%         2d4       34%         1
 Shock                    Conj/Air       0%         1d3       34%         1
 Sting                    Tmut/Pois      0%         1d3       34%         1
 Summon Small Mammal      Summ           0%         N/A       34%         1
 Confusing Touch          Hex            7%         N/A       34%         3
 Tukima's Dance           Hex            7%         N/A       34%         3
 Blink                    Tloc           0%         N/A       45%         2
 Call Imp                 Summ           0%         N/A       45%         2
 Cigotuvi's Dreadful Rot  Necr/Pois/Air  0%         N/A       45%         2
 Lesser Beckoning         Tloc           0%         N/A       45%         2
 Momentum Strike          Conj/Tloc      0%         3d8       45%         2
 Passwall                 Tmut/Erth      0%         N/A       45%         2
 Poisonous Vapours        Pois/Air       0%         N/A       45%         2
 Scorch                   Fire           0%         2d5       45%         2
 Static Discharge         Conj/Air       0%         2-2/arc   45%         2
 Sublimation of Blood     Necr           0%         N/A       45%         2
 Wereblood                Tmut           0%         N/A       45%         2
 Dazzling Flash           Conj/Hex       6%         N/A       52%         3
 Inner Flame              Hex/Fire       3%         N/A       52%         3
 Portal Projectile        Hex/Tloc       6%         N/A       52%         3
 Summon Guardian Golem    Hex/Summ       3%         N/A       52%         3
 Call Canine Familiar     Summ           0%         N/A       71%         3
 Frozen Ramparts          Ice            0%         1d1       71%         3
 Gell's Gravitas          Tloc           0%         N/A       71%         3
 Hailstorm                Conj/Ice       0%         3d3       71%         3
 Ignite Poison            Fire/Tmut/Pois 0%         N/A       71%         3
 Mephitic Cloud           Conj/Pois/Air  0%         N/A       71%         3
 Spider Form              Tmut/Pois      0%         N/A       71%         3
 Stone Arrow              Conj/Erth      0%         3d7       71%         3
 Teleport Other           Tloc           0%         N/A       71%         3
 Vampiric Draining        Necr           0%         2d6       71%         3
 Vhi's Electric Charge    Tloc/Air       0%         N/A       71%         3
 Volatile Blastmotes      Fire/Tloc      0%         2d10      71%         3
 Cause Fear               Hex            3%         N/A       75%         4
 Anguish                  Hex/Necr       1%         N/A       89%         4
 Leda's Liquefaction      Hex/Erth       1%         N/A       89%         4
 Airstrike                Air            0%         2d(0-16)  98%         4
 Animate Armour           Summ/Erth      0%         N/A       98%         4
 Animate Dead             Necr           0%         N/A       98%         4
 Flame Wave               Conj/Fire      0%         2d4       98%         4
 Iskenderun's Mystic Bla  Conj/Tloc      0%         2d3       98%         4
 Manifold Assault         Tloc           0%         N/A       98%         4
 Olgreb's Toxic Radiance  Pois           0%         N/A       98%         4
 Passage of Golubria      Tloc           0%         N/A       98%         4
 Petrify                  Tmut/Erth      0%         N/A       98%         4
 Sticky Flame             Conj/Fire      0%         2d3       98%         4
 Summon Ice Beast         Ice/Summ       0%         N/A       98%         4
 Summon Lightning Spire   Summ/Air       0%         N/A       98%         4
 Metabolic Englaciation   Hex/Ice        1%         N/A       99%         5
 Silence                  Hex/Air        1%         N/A       99%         5
 Summon Mana Viper        Hex/Summ       3%         N/A       99%         5
 Yara's Violent Unravell  Hex/Tmut       1%         3d3       99%         5
 Agony                    Necr           0%         N/A       100%        5
 Alistair's Intoxication  Tmut/Pois      0%         N/A       100%        5
 Arcjolt                  Conj/Air       0%         1d10      100%        5
 Blade Hands              Tmut           0%         N/A       100%        5
 Borgnjor's Vile Clutch   Necr/Erth      0%         N/A       100%        5
 Fireball                 Conj/Fire      0%         3d3       100%        5
 Freezing Cloud           Conj/Ice/Air   0%         6-21      100%        5
 Irradiate                Conj/Tmut      0%         3d11      100%        5
 Iskenderun's Battlesphe  Conj           0%         2d6       100%        5
 Lee's Rapid Deconstruct  Erth           0%         3d4*      100%        5
 Summon Forest            Summ/Tloc      0%         N/A       100%        5
 Conjure Ball Lightning   Conj/Air       0%         3x3d6     100%        6
 Dispersal                Tloc           0%         N/A       100%        6
 Eringya's Noxious Bog    Tmut/Pois      0%         N/A       100%        6
 Iron Shot                Conj/Erth      0%         9d1       100%        6
 Plasma Beam              Fire/Air       0%         2x1d11    100%        6
 Simulacrum               Ice/Necr       0%         N/A       100%        6
 Starburst                Conj/Fire      0%         6d3       100%        6
 Statue Form              Tmut/Erth      0%         N/A       100%        6
 Summon Cactus Giant      Summ           0%         N/A       100%        6
 Enfeeble                 Hex            3%         N/A       100%        7
 Haunt                    Necr/Summ      0%         N/A       100%        7
 Malign Gateway           Summ/Tloc      0%         N/A       100%        7
 Orb of Destruction       Conj           0%         9d5       100%        7
 Ozocubu's Refrigeration  Ice            0%         4d7       100%        7
 Spellforged Servitor     Conj/Summ      0%         N/A       100%        7
 Storm Form               Tmut/Air       0%         N/A       100%        7
 Summon Hydra             Summ           0%         N/A       100%        7
 Borgnjor's Revivificati  Necr           0%         N/A       100%        8
 Ignition                 Fire           0%         3d3       100%        8
 Infestation              Necr           0%         N/A       100%        8
 Lehudib's Crystal Spear  Conj/Erth      0%         10d2      100%        8
 Maxwell's Capacitive Co  Air            0%         ∞         100%        8
 Necromutation            Tmut/Necr      0%         N/A       100%        8
 Death's Door             Necr           0%         N/A       100%        9
 Fire Storm               Conj/Fire      0%         5d1       100%        9
 Polar Vortex             Ice            0%         N/A       100%        9


Dungeon Overview and Level Annotations

Branches:
Dungeon (15/15)            Temple (0/1) D:5            Lair (5/5) D:8
  Swamp (4/4) Lair:2       Spider (4/4) Lair:2        Slime (0/5) Lair:4
    Orc (2/2) D:9             Elf (3/3) Orc:2        Vaults (5/5) D:13
  Crypt (3/3) Vaults:2       Tomb (0/3) Crypt:3      Depths (4/4) D:15
    Zot (5/5) Depths:4      IceCv (visited)          WizLab (visited)

Shops:
D:9 [:   D:12 *   Orc:2 *([(   Elf:2 ?(=[   Vaults:1 *   Depths:3 =

Portals:
Hell: Depths:1 Depths:2 Depths:3 Depths:4
Abyss: Depths:2 Depths:3
Pandemonium: Depths:1 Depths:2
Ziggurat: Depths:2


Innate Abilities, Weirdness & Mutations

You have a considerably increased reservoir of magic. (+20% MP)
You shall have no god before yourself.
Your divine heritage dramatically boosts your attributes as you level up.
You have a beak for a mouth.
You are dopey. (Int -2)
Your muscles are strong. (Str +4, Int/Dex -1)


Message History

(D) Dungeon (T) Temple (L) Lair (S) Swamp (N) Spider Nest (M) Slime Pits (O) Orcish Mines (E) Elven Halls (V) Vaults (C) Crypt (W) Tomb (U) Depths (H) Hell (Z) Zot
Where to? (Enter - D:1 @ (x,y), ? - help)
Things that are here:
a +0 falchion; a +0 dagger You see here a +0 club.
Items here: )) [[.
There is a stone staircase leading up here.
You fly upwards.
There is a stone staircase leading down, spattered with blood here.
There is an open door here.
There is a stone staircase leading up here.
You fly upwards.
There is a stone staircase leading down here.
There is a stone staircase leading up here.
You fly upwards.
There is a stone staircase leading down here.
Things that are here:
a +0 leather armour; a +0 rapier A hellion comes into view.
There is a stone staircase leading up, spattered with blood here.
You fly upwards.
There is a stone staircase leading down, spattered with blood here.
(D) Dungeon (T) Temple (L) Lair (S) Swamp (N) Spider Nest (M) Slime Pits (O) Orcish Mines (E) Elven Halls (V) Vaults (C) Crypt (W) Tomb (U) Depths (H) Hell (Z) Zot
Where to? (Enter - D:1 @ (x,y), ? - help)
There is a stone staircase leading up here.
You fly upwards.
There is a stone staircase leading down here.
There is an open door here.
There is an open door here.
There is a stone staircase leading up here.
You fly upwards.
There is a stone staircase leading down here.
There is a staircase leading out of the dungeon here.
You have escaped!

#.........##..#..##.#
##.......###.#.#.##.###
###.....## #.#.#..#...# # ##...##
#.#..#..##.# ## ##.##
#.#...#.##.# .# #.# #.#...#....##
.# #>######.....#.##..## .#
#..........#.#...#..## .#
########..#.@#....#..# .#
#..#......#...# .#
#..#.#####....######## .#
#..#.................# .#
####.#...#......#######.# .#
#....#..#......## #.. .#
#.##.#.#.####### ### .#
#.##.#.#.######### #
.########.##..#..........########


There were no monsters in sight!

Vanquished Creatures
  4 dread liches
  2 orbs of fire (Zot:5)
  Mara (Swamp:3)
  6 ancient liches
  Mennas (Crypt:1)
  A juggernaut (Depths:4)
  The ghost of Urrumaza the Conqueror, a master MfBe of Trog (Zot:4)
  Sojobo (Depths:3)
  Boris (Depths:2)
  Margery (Crypt:1)
  9 Killer Klowns
  Parghit (Depths:3)
  Saint Roka (Vaults:4)
  the Lernaean hydra (Swamp:4)
  The ghost of Zucwae the Executioner, a veteran FoFi of Dithmenos (Crypt:1)
  4 curse toes
  Nikola (Spider:4)
  3 caustic shrikes (Depths:3)
  9 golden dragons
  the Enchantress (Depths:1)
  3 electric golems
  A bone dragon (Crypt:3)
  The ghost of Zonian the Sorcerer, a veteran DEIE of Ashenzari (Depths:2)
  12 tentacled monstrosities
  Mlioglotl (Spider:1)
  Jorgrun (D:12)
  An Ice Fiend (D:10)
  A moon troll (WizLab)
  Zenata (Crypt:2)
  6 quicksilver dragons
  25 Orb Guardians (Zot:5)
  A walking frostbound tome (Depths:1)
  A walking earthen tome (Depths:4)
  10 liches
  4 deep elf blademasters (Elf:3)
  4 deep elf master archers (Elf:3)
  An Executioner (Zot:3)
  5 death cobs
  Frances (Swamp:1)
  3 titans
  8 ancient champions
  7 shadow dragons
  9 tentacled starspawn
  A thorn hunter (Swamp:4)
  Agnes (D:15)
  The ghost of Vacerub the Brawler, an adept TrMo of Nemelex Xobeh (Depths:2)
  5 sphinxes
  The ghost of Zenkrye the Severer, an adept HOFi of Beogh (Swamp:4)
  7 draconian monks
  12 tengu reavers
  Kirke (Lair:3)
  16 storm dragons
  10 fire giants
  Roxanne (Elf:3)
  6 revenants
  Donald (Elf:1)
  8 deep elf sorcerers
  An iron dragon (Depths:3)
  The ghost of Ykec Esm the Carver, a journeyman DrWn of Ashenzari (Swamp:3)
  11 emperor scorpions
  Aizul (Elf:3)
  2 draconian scorchers
  Louise (Swamp:2)
  6 frost giants
  25 vault wardens
  11 ghouls
  3 orc warlords
  4 curse skulls
  4 deep elf elementalists
  7 draconian knights
  4 ghost moths
  4 angels (Zot:4)
  A reaper (Crypt:1)
  5 draconian shifters
  4 spriggan defenders (Depths:1)
  2 cacodemons (WizLab)
  7 draconian stormcallers
  8 war gargoyles
  30 very ugly things
  A broodmother (Spider:1)
  The ghost of lonewolfV2 the Basher, a journeyman FoFi of Okawaru (Vaults:1)
  5 draconian annihilators
  25 ironbound preservers
  7 eleionomae
  17 stone giants
  9 ironbound thunderhulks
  8 vampire knights
  A rockslime zombie (Crypt:2)
  15 purple draconians
  17 green draconians
  10 black draconians
  4 deep elf demonologists
  7 red draconians
  6 dire elephants (Vaults:3)
  3 bunyips
  6 spark wasps
  16 yellow draconians
  17 white draconians
  The ghost of foxicus the Severer, a journeyman HOFi of Beogh (D:13)
  6 statues (Depths:2)
  The ghost of Zalbag the Spear-Bearer, a journeyman MiGl of Okawaru (Orc:1)
  6 deep elf death magi
  14 deep elf annihilators
  3 eidola
  A green death (Abyss:3)
  The ghost of Zespara the Protected, a journeyman DsBe of Trog (D:13)
  An acid blob zombie (Crypt:1)
  11 jiangshi
  5 entropy weavers
  6 deep elf high priests
  Josephine (Orc:1)
  2 shambling mangroves (Swamp:4)
  8 ettins
  5 fire dragons
  8 great orbs of eyes
  A spriggan zombie (Crypt:1)
  11 yaktaur captains
  4 salamander tyrants (Depths:2)
  Harold (D:11)
  16 ice dragons
  A quicksilver dragon skeleton (Crypt:3)
  The ghost of mrw3rdna the Tainter, a journeyman DrVM of Vehumet (Lair:1)
  The ghost of rozman the Brawler, a journeyman MiMo of Cheibriados (Lair:1)
  9 rakshasas
  18 hydras
  2 ghost crabs
  37 vault guards
  5 centaur warriors
  2 jorogumos
  3 peacekeepers
  4 ironbound frosthearts
  9 spriggan air magi
  An ogre mage (Vaults:5)
  12 boulder beetles
  9 two-headed ogres
  43 dancing weapons
  11 deep troll shamans
  4 radroaches
  4 death knights
  7 alligators
  13 death yaks
  9 vampire magi
  6 deep troll earth magi
  5 tengu warriors
  A shock serpent (shapeshifter) (Vaults:5)
  4 spriggan berserkers
  A thrashing horror (Abyss:3)
  3 orc high priests
  8 soul eaters
  18 hell knights
  A skyshark (Lair:5)
  4 sun demons
  2 sun moths
  21 deep elf knights
  10 iron trolls
  A shadow wraith (Crypt:3)
  16 skeletal warriors
  54 deep trolls
  2 iron giant zombies
  A ghost moth zombie (Crypt:1)
  6 goliath frogs
  8 pharaoh ants
  A sixfirhy (Depths:1)
  6 flayed ghosts
  20 deep elf archers
  13 ironbound convokers
  11 swamp dragons
  15 orc knights
  2 obsidian statues
  5 bog bodies
  4 orange crystal statues
  13 lindwurms
  14 steelbarb worms
  A shadow dragon zombie (Crypt:3)
  A bunyip skeleton (Crypt:3)
  37 deep elf pyromancers
  7 orb spiders
  6 glowing orange brains
  A shadow demon (Depths:1)
  10 wizards
  13 wolf spiders
  6 necromancers
  An oklob plant (Lair:1)
  12 phantasmal warriors
  6 cyclopes
  An iron dragon zombie (Crypt:3)
  3 harpies (Vaults:1)
  45 ugly things
  9 manticores
  37 deep elf zephyrmancers
  A wolf spider (shapeshifter) (Vaults:5)
  A cyclops (shapeshifter) (Zot:4)
  3 will-o-the-wisps (Swamp:4)
  5 orc sorcerers
  A faun (shapeshifter) (Depths:3)
  A shadow dragon skeleton (Crypt:3)
  24 moths of wrath
  An elephant (Lair:3)
  An apocalypse crab (Abyss:3)
  7 black mambas
  13 demonic crawlers
  7 eyes of devastation (WizLab)
  3 orange demons
  3 torpor snails
  23 vault sentinels
  2 rust devils (Depths:1)
  10 cane toads
  4 smoke demons
  A centaur skeleton (Crypt:3)
  A rime drake (shapeshifter) (Vaults:5)
  A hellion (Depths:2)
  3 storm dragon simulacra (IceCv)
  8 unseen horrors
  42 yaktaurs
  An unseen horror (shapeshifter) (Zot:4)
  A redback zombie (Crypt:2)
  A freezing wraith (Crypt:1)
  A kobold demonologist (D:12)
  9 tengu conjurers
  6 golden dragon simulacra (IceCv)
  3 efreet
  4 komodo dragons
  2 ice devils (Depths:1)
  A queen bee (D:11)
  25 hornets
  6 polar bears (Lair:5)
  13 meliai
  Prince Ribbit (D:7)
  6 trolls
  8 bloated husks
  12 tyrant leeches
  8 blink frogs
  A raiju (Abyss:3)
  A jumping spider zombie (Crypt:3)
  2 dream sheep (Lair:5)
  An ettin zombie (Crypt:3)
  2 harpy skeletons
  The ghost of KittyFluff the Cudgeller, an amateur GrBe of Trog (D:4)
  3 large abominations (Abyss:3)
  14 tarantellas
  26 slime creatures
  6 flying skulls
  An ice dragon zombie (Crypt:1)
  An ettin skeleton (Crypt:2)
  8 wyverns
  27 jumping spiders
  13 culicivoras
  A culicivora (shapeshifter) (Elf:3)
  A black mamba zombie (Crypt:1)
  2 shadows
  3 vampires
  A water elemental (Elf:1)
  8 starcursed masses
  Eustachio (D:6)
  11 air elementals
  29 yaks
  38 spriggans
  2 ynoxinuls
  A centaur simulacrum (Crypt:3)
  5 basilisks
  17 wraiths
  A yak (shapeshifter) (Depths:1)
  A slime creature zombie (Crypt:1)
  4 fire elementals
  2 golden eyes (WizLab)
  7 hogs
  8 humans (D:13)
  3 chaos spawn
  8 neqoxecs
  A wind drake zombie (Crypt:2)
  37 redbacks
  A redback (shapeshifter) (Vaults:5)
  A steam dragon (D:7)
  13 vampire mosquitoes
  Menkaure (D:7)
  A glowing shapeshifter zombie (Crypt:3)
  18 swamp worms
  7 water moccasins
  9 wargs
  Duvessa (D:4)
  A hydra simulacrum (Crypt:1)
  7 black bears
  36 orc warriors
  7 swamp drakes
  3 ice dragon simulacra (IceCv)
  A sky beast (D:8)
  2 ice beasts
  9 ogres
  7 boggarts
  A torpor snail zombie (Crypt:1)
  27 wolves
  10 centaurs
  A manticore skeleton (Crypt:2)
  A phantom (D:5)
  5 kobold brigands
  A draconian zombie (Crypt:2)
  A fire crab zombie (Crypt:1)
  8 earth elementals
  A bullfrog (shapeshifter) (D:14)
  6 bullfrogs
  An elf zombie (Crypt:2)
  5 scorpions
  7 necrophages
  7 wights
  Dowan (D:4)
  9 lindwurm simulacra (IceCv)
  49 killer bees
  5 howler monkeys
  An electric eel (Lair:5)
  2 lava snakes (D:13)
  A crimson imp (D:9)
  4 hounds
  Crazy Yiuf (D:2)
  2 jellies
  21 orc priests
  A basilisk skeleton (Crypt:1)
  3 iron imps
  3 sleepcaps
  A scorpion zombie (Crypt:2)
  A gnoll bouda (D:8)
  5 iguanas
  19 orc wizards
  6 hell rats
  3 small abominations (Abyss:3)
  11 gnolls
  A steam dragon zombie (Crypt:3)
  11 adders
  2 shadow imps
  2 worms (D:5)
  3 dart slugs
  138 orcs
  5 bats
  9 endoplasms
  2 giant cockroaches
  7 goblins
  7 hobgoblins
  4 jackals (D:1)
  22 kobolds
  3 quokkas
  5 ball pythons
  5 frilled lizards
  A kobold zombie (Crypt:2)
  A quokka zombie (Crypt:3)
  5 rats
  A butterfly (Zot:4)
  12 starspawn tentacles
2510 creatures vanquished.

Vanquished Creatures (others)
  A black draconian (Zot:2)
  A hydra (Swamp:2)
  A dancing weapon (Elf:2)
  A deep elf pyromancer (Elf:2)
  A deep elf zephyrmancer (Elf:3)
  A human (D:13)
  A swamp worm (Swamp:1)
  A merfolk zombie (Crypt:3)
  An elephant skeleton (Crypt:3)
  A scorpion (Spider:1)
  2 orc wizards
  A white imp (D:9)
  4 orcs
  6 foxfires (Swamp:4)
  8 starspawn tentacles (WizLab)
31 creatures vanquished.

Grand Total: 2541 creatures vanquished

Notes
Turn   | Place    | Note
-------+----------+-------------------------------------------
     0 | D:1      | LordWeiramon the Demigod Hexslinger began the quest for the
                  | Orb.
     0 | D:1      | Reached XP level 1. HP: 15/15 MP: 4/4
   101 | D:1      | Reached skill level 1 in Fighting
   163 | D:1      | Reached XP level 2. HP: 23/23 MP: 5/5
   967 | D:2      | Reached XP level 3. HP: 27/28 MP: 6/6
  1446 | D:2      | Found a runed translucent door.
  1447 | D:2      | Noticed Crazy Yiuf
  2115 | D:3      | Reached XP level 4. HP: 35/35 MP: 8/8
  2565 | D:4      | Noticed KittyFluff's ghost (amateur GrBe)
  2565 | D:4      | Found a large runed translucent door.
  2565 | D:4      | Found a large runed translucent door.
  2923 | D:4      | Reached skill level 5 in Ranged Weapons
  2923 | D:4      | Reached XP level 5. HP: 40/40 MP: 9/9
  3025 | D:4      | Noticed Dowan
  3025 | D:4      | Noticed Duvessa
  3428 | D:4      | Reached XP level 6. HP: 39/47 MP: 10/10
  3895 | D:5      | Entered Level 5 of the Dungeon
  4454 | D:5      | Reached XP level 7. HP: 52/52 MP: 11/11
  4503 | D:5      | Found a staircase to the Ecumenical Temple.
  4527 | D:5      | You fall into a shaft and drop 1 floor!
  5327 | D:6      | Noticed Eustachio
  6081 | D:6      | Reached skill level 5 in Dodging
  6081 | D:6      | Reached XP level 8. HP: 59/59 MP: 12/12
  6556 | D:7      | Noticed Menkaure
  6559 | D:7      | Killed Menkaure
  6992 | D:7      | Reached skill level 5 in Fighting
  7115 | D:7      | Noticed Prince Ribbit
  7138 | D:7      | Killed Prince Ribbit
  7352 | D:8      | Reached skill level 1 in Evocations
  7352 | D:8      | Reached XP level 9. HP: 51/74 MP: 10/13
  7720 | D:8      | Reached skill level 5 in Evocations
  7968 | D:8      | Found a staircase to the Lair.
  8106 | D:8      | Reached skill level 10 in Ranged Weapons
  9116 | D:6      | Killed Eustachio
  9173 | D:4      | Killed Duvessa
  9174 | D:4      | Killed Dowan
  9497 | D:4      | Killed KittyFluff's ghost
  9803 | D:8      | Reached XP level 10. HP: 71/81 MP: 12/14
 10234 | D:8      | Found Yxtaoj's Book Boutique.
 10403 | D:8      | Noticed a two-headed ogre
 10879 | D:8      | Killed a two-headed ogre
 10935 | D:9      | Reached skill level 1 in Armour
 11278 | D:9      | Noticed a deep elf zephyrmancer
 11296 | D:9      | Killed a deep elf zephyrmancer
 11576 | D:9      | Noticed a deep elf pyromancer
 11635 | D:9      | Reached skill level 5 in Armour
 12472 | D:9      | Found Puwaiveu's Armour Emporium.
 12476 | D:9      | Killed a deep elf pyromancer
 12495 | D:9      | Found a staircase to the Orcish Mines.
 12518 | D:9      | Bought a +1 pair of boots for 172 gold pieces
 12573 | D:9      | Found Owush's Book Boutique.
 12775 | D:10     | Entered Level 10 of the Dungeon
 13030 | D:10     | Reached XP level 11. HP: 75/86 MP: 15/15
 13133 | D:10     | Noticed a two-headed ogre
 13240 | Lair:1   | Entered Level 1 of the Lair of Beasts
 13295 | Lair:1   | Noticed a boulder beetle
 13912 | Lair:1   | Found a runed translucent gate.
 13914 | Lair:1   | Found a runed translucent gate.
 13915 | Lair:1   | Found a runed translucent gate.
 13916 | Lair:1   | Noticed rozman's ghost (journeyman MiMo)
 13918 | Lair:1   | Noticed mrw3rdna's ghost (journeyman DrVM)
 14644 | Lair:2   | Found a staircase to the Swamp.
 14958 | Lair:2   | Found a hole to the Spider Nest.
 15434 | Lair:3   | Reached skill level 15 in Ranged Weapons
 15684 | Lair:3   | Noticed a spriggan rider
 15694 | Lair:3   | Noticed a spriggan rider
 15926 | Lair:3   | Killed a spriggan rider
 15927 | Lair:3   | Reached XP level 12. HP: 72/94 MP: 16/16
 16679 | Lair:3   | Paralysed by a hornet for 1 turns
 17633 | Lair:4   | Noticed Kirke
 17639 | Lair:4   | Found a staircase to the Slime Pits.
 17837 | Lair:4   | Noticed a sphinx
 18291 | Lair:3   | Killed Kirke
 18388 | Lair:5   | Entered Level 5 of the Lair of Beasts
 18663 | Lair:5   | Reached XP level 13. HP: 97/100 MP: 17/17
 19407 | Lair:5   | Identified the +1 chain mail of Eternity {rCorr Int+4}
 19435 | Lair:5   | Reached skill level 10 in Dodging
 20070 | Lair:1   | Killed rozman's ghost
 20084 | Lair:1   | Killed mrw3rdna's ghost
 20106 | Lair:1   | Identified the +2 helmet of the Arcane {+Inv rPois rC-}
 20880 | D:11     | Noticed Harold
 20885 | D:11     | Killed Harold
 21120 | D:11     | Found a portal to a secret trove of treasure.
 21583 | D:12     | Identified the +0 leather armour "Copnebir" {rN+}
 21696 | D:12     | Reached XP level 14. HP: 116/116 MP: 19/19
 21870 | D:12     | Found Giteagg's General Store.
 21873 | D:12     | Bought a scroll of identify for 34 gold pieces
 21873 | D:12     | Bought a scroll of identify for 34 gold pieces
 21873 | D:12     | Bought a scroll of identify for 34 gold pieces
 22286 | D:12     | Noticed Jorgrun
 22418 | D:13     | Found a transporter.
 22547 | D:13     | Identified the +0 pair of boots of Greed {+Inv Int+4}
 22699 | D:13     | Reached skill level 10 in Fighting
 22987 | D:13     | Found a gate to the Vaults.
 23056 | D:13     | Found a transporter.
 23067 | D:13     | Noticed Zespara's ghost (journeyman DsBe)
 23090 | D:13     | Noticed foxicus's ghost (journeyman HOFi)
 23164 | D:14     | Identified the +0 scale mail of a bailey {Harm}
 23722 | D:15     | Entered Level 15 of the Dungeon
 24002 | D:15     | Found a staircase to the Depths.
 24036 | D:15     | Noticed Agnes
 24043 | D:15     | Killed Agnes
 24173 | D:15     | Identified a scroll of acquirement
 24174 | D:15     | Acquired 591 gold pieces
 24225 | D:15     | Identified the +1 leather armour of Soitypp {Rampage Will+
                  | Dex-3 Slay+5}
 24525 | Orc:1    | Entered Level 1 of the Orcish Mines
 24525 | Orc:1    | Noticed Josephine
 24534 | Orc:1    | Killed Josephine
 24631 | Orc:2    | Entered Level 2 of the Orcish Mines
 24748 | Orc:1    | Reached skill level 10 in Armour
 25181 | Orc:1    | Found a runed translucent door.
 25182 | Orc:1    | Noticed Zalbag's ghost (journeyman MiGl)
 25529 | Orc:2    | Found a staircase to the Elven Halls.
 25744 | Orc:2    | Noticed an orc warlord
 25768 | Orc:2    | Killed an orc warlord
 25829 | Orc:2    | Found Bangod's Antique Weapon Shoppe.
 25832 | Orc:2    | Found Femyov's Antique Armour Emporium.
 25845 | Orc:2    | Bought a runed cloak for 262 gold pieces
 25953 | Orc:2    | Reached XP level 15. HP: 126/126 MP: 20/20
 25958 | Orc:2    | Found Ammast's Weapon Boutique.
 26163 | Orc:2    | Found Houtsaev's Distillery.
 26169 | Orc:2    | Bought a potion of mutation for 120 gold pieces
 26169 | Orc:2    | Bought a potion of resistance for 150 gold pieces
 26169 | Orc:2    | Bought a potion of haste for 150 gold pieces
 26169 | Orc:2    | Bought a potion of resistance for 150 gold pieces
 26169 | Orc:2    | Bought a potion of flight for 45 gold pieces
 26169 | Orc:2    | Bought a potion of curing for 45 gold pieces
 26169 | Orc:2    | Bought a potion of brilliance for 60 gold pieces
 26169 | Orc:2    | Bought a potion of ambrosia for 120 gold pieces
 26248 | Orc:2    | Found Wiwneanypn's CLEARANCE SALE!.
 26253 | Orc:2    | Bought a potion of invisibility for 48 gold pieces
 26253 | Orc:2    | Bought a wand of flame (9) for 37 gold pieces
 26641 | D:12     | Killed Jorgrun
 26919 | D:13     | Killed Zespara's ghost
 27043 | D:13     | Killed foxicus's ghost
 27390 | Swamp:1  | Entered Level 1 of the Swamp
 27641 | Swamp:1  | Noticed Frances
 27866 | Swamp:1  | Killed Frances
 28268 | Swamp:2  | Noticed Louise
 28278 | Swamp:2  | Killed Louise
 28302 | Swamp:2  | Found a frozen archway.
 28320 | IceCv    | Entered an ice cave
 28983 | IceCv    | Got the Almanac of Frost
 28999 | IceCv    | Identified the amulet of Ceconib {Faith Fly Str+5 Dex+3
                  | Slay-5}
 29002 | IceCv    | Identified the ring "Yrudeo" {rPois rN+ Int+4}
 29560 | D:2      | Killed Crazy Yiuf
 30260 | Swamp:3  | Noticed Mara
 30267 | Swamp:3  | Noticed LordWeiramon's illusion
 30273 | Swamp:3  | Killed Mara
 30281 | Swamp:3  | Found a runed translucent door.
 30702 | Swamp:3  | Noticed Ykec Esm's ghost (journeyman DrWn)
 30853 | Swamp:4  | Entered Level 4 of the Swamp
 30971 | Swamp:3  | Reached XP level 16. HP: 134/134 MP: 21/21
 31186 | Swamp:4  | Found a transporter.
 31187 | Swamp:4  | Noticed Zenkrye's ghost (adept HOFi)
 31225 | Swamp:4  | Found a transporter.
 31744 | Swamp:4  | Noticed the 27-headed Lernaean hydra
 32223 | Swamp:4  | Got a decaying rune of Zot
 32360 | Swamp:4  | Killed the 27-headed Lernaean hydra
 32361 | Swamp:4  | Reached skill level 15 in Dodging
 32403 | Swamp:4  | Identified the ring of Xom's Pride {rElec Str+6 Int+4
                  | Dex-2}
 32405 | Swamp:4  | Identified the +3 cloak of Xelic {Stlth+}
 32583 | Swamp:3  | HP: 4/134 [Ykec Esm's ghost/the air (21)]
 32590 | Swamp:3  | Killed Ykec Esm's ghost
 32668 | Swamp:3  | Identified the +7 trident "Laobi" {drain, *Rage rC+ Str+3}
 32775 | Spider:1 | Entered Level 1 of the Spider Nest
 32943 | Spider:1 | Noticed Mlioglotl
 33350 | Spider:1 | Killed Mlioglotl
 34312 | Spider:2 | Reached XP level 17. HP: 140/140 MP: 22/22
 34363 | Spider:2 | Identified the +1 quarterstaff of Spontaneous Combustion
                  | {heavy, rElec rF+ rCorr SInv}
 34702 | Spider:2 | Identified the +11 trident "Bianaz" {flame, *Corrode rN+++
                  | Will++}
 34975 | Spider:3 | Identified the ring "Duimij" {EV+5 Int+3 Stlth+}
 35120 | Spider:3 | Identified the +6 scale mail of Xaxe {Regen+}
 35769 | Spider:4 | Entered Level 4 of the Spider Nest
 35791 | Spider:4 | Noticed Nikola
 35814 | Spider:4 | Killed Nikola
 36769 | Spider:4 | Reached XP level 18. HP: 147/147 MP: 23/23
 36780 | Spider:4 | Got a gossamer rune of Zot
 37208 | Vaults:1 | Entered Level 1 of the Vaults
 37499 | Vaults:1 | Found Batzif Sowea's Assorted Antiques.
 37507 | Vaults:1 | Bought a potion of heal wounds for 120 gold pieces
 37507 | Vaults:1 | Bought a potion of curing for 72 gold pieces
 37507 | Vaults:1 | Bought a potion of haste for 240 gold pieces
 37507 | Vaults:1 | Bought a potion of flight for 72 gold pieces
 37507 | Vaults:1 | Bought a phial of floods for 960 gold pieces
 37708 | Vaults:1 | Reached XP level 19. HP: 155/155 MP: 24/24
 38104 | Vaults:1 | Found a runed translucent door.
 38104 | Vaults:1 | Noticed lonewolfV2's ghost (journeyman FoFi)
 38343 | Vaults:1 | Killed lonewolfV2's ghost
 38345 | Vaults:1 | Identified the ring of Hishroro {*Corrode AC+4 Str+2 Dex+2}
 38751 | Vaults:2 | Found a staircase to the Crypt.
 40066 | Vaults:3 | Identified the +2 leather armour "Ijumm" {Contam +Blink rN+
                  | Str+2}
 40240 | Vaults:3 | Reached skill level 15 in Fighting
 40278 | Vaults:3 | Found a magical portal.
 40287 | WizLab   | Entered Lehudib's Moon Base
 40536 | WizLab   | Found a transporter.
 40575 | WizLab   | Reached XP level 20. HP: 180/180 MP: 25/25
 40808 | WizLab   | Found a transporter.
 41283 | WizLab   | Identified the +4 scimitar of Success {chaos, rF+++ Str-2
                  | Int+3 Dex+2}
 41285 | WizLab   | Identified the +10 flail "Xeqaitad" {spect, rF- Int+5
                  | Dex+4}
 41322 | WizLab   | Got Lehudib's Information on Harmful Erosion
 41837 | Vaults:3 | Identified the +0 robe of the End {Rampage rPois Will++
                  | SInv}
 41853 | Vaults:3 | Identified the +0 hat of Philately {Str+3 Int+5 Dex+3}
 42343 | Vaults:4 | Noticed Saint Roka
 42353 | Vaults:4 | Killed Saint Roka
 43061 | Vaults:4 | Found a gateway to a bazaar.
 43292 | Bazaar   | Entered a bazaar
 43299 | Bazaar   | Found Nich's Antique Armour Shop.
 43325 | Bazaar   | Found Xuboununa's Jewellery Shop.
 43353 | Bazaar   | Bought the +3 pair of gauntlets of War {Slay+5} for 997
                  | gold pieces
 43353 | Bazaar   | Found the +3 pair of gauntlets of War {Slay+5}
 43364 | Bazaar   | Bought a jacinth-studded leather armour for 147 gold pieces
 43364 | Bazaar   | Identified the +3 leather armour of Daisies {Will- Int-2
                  | Dex+9 Stlth+} (You bought it in a shop in a bazaar)
 43745 | Elf:1    | Entered Level 1 of the Elven Halls
 43752 | Abyss:3  | Cast into level 3 of the Abyss (+0 hand axe of distortion)
 44026 | Elf:1    | Escaped the Abyss
 44135 | Elf:1    | Reached XP level 21. HP: 201/201 MP: 26/26
 44182 | Elf:1    | Got the Lectures on Arcane Combat
 44545 | Elf:1    | Noticed Donald
 44555 | Elf:1    | Killed Donald
 45106 | Elf:2    | Found Eruhuf's Magic Scroll Boutique.
 45130 | Elf:2    | Bought a scroll of fog for 80 gold pieces
 45130 | Elf:2    | Bought a scroll of fog for 80 gold pieces
 45130 | Elf:2    | Bought a scroll of butterflies for 80 gold pieces
 45186 | Elf:2    | Found Kato Koq's Antique Weapon Shoppe.
 45276 | Elf:2    | Found Teutta's Jewellery Emporium.
 45414 | Elf:2    | Found Roir's Armour Emporium.
 45513 | Elf:2    | Found a runed translucent gate.
 45513 | Elf:2    | Found a runed translucent gate.
 45514 | Elf:2    | Found a runed translucent gate.
 46120 | Elf:3    | Entered Level 3 of the Elven Halls
 46280 | Elf:3    | Paralysed by an air elemental for 1 turns
 46534 | Elf:3    | Identified the +4 leather armour of the Sun {Harm Str+2
                  | SInv}
 46534 | Elf:3    | Identified the ring "Zuoresa" {Fly rPois rCorr Int+5
                  | Slay-4}
 46807 | Elf:3    | Noticed Aizul
 46811 | Elf:3    | Killed Aizul
 46845 | Elf:3    | Identified the amulet of the Butterfly {Spirit Str+3}
 46857 | Elf:3    | Reached XP level 22. HP: 209/209 MP: 27/27
 46878 | Elf:3    | Identified the +7 scimitar of Tartarus {heavy, rPois SInv}
 46885 | Elf:3    | Identified the +6 morningstar "Weofiocuth" {freeze, Str+3
                  | Int+3}
 46888 | Elf:3    | Identified the +6 scale mail "Puolay" {Will+ Int+3}
 46914 | Elf:3    | Identified the staff of air "Nuratt" {rElec rN+ Dex+3}
 47007 | Elf:3    | Noticed Roxanne
 47017 | Elf:3    | Killed Roxanne
 47518 | Orc:1    | Killed Zalbag's ghost
 47873 | Swamp:4  | Killed Zenkrye's ghost
 47909 | Swamp:4  | Identified the +3 falchion "Hihy" {venom, Dex+2}
 48247 | Crypt:1  | Entered Level 1 of the Crypt
 48315 | Crypt:1  | You are sucked into a shaft and drop 1 floor!
 48384 | Crypt:1  | Found a runed translucent gate.
 48384 | Crypt:1  | Found a runed translucent gate.
 48384 | Crypt:1  | Found a runed translucent gate.
 48389 | Crypt:1  | Noticed Zucwae's ghost (veteran FoFi)
 48434 | Crypt:1  | Noticed Mennas
 48444 | Crypt:1  | Killed Mennas
 48725 | Crypt:1  | Noticed Margery
 48731 | Crypt:1  | Killed Margery
 49527 | Crypt:2  | Noticed Zenata
 49550 | Crypt:2  | Killed Zenata
 49658 | Crypt:3  | Entered Level 3 of the Crypt
 49932 | Crypt:3  | Found a staircase to the Tomb.
 50174 | Crypt:3  | Noticed a curse toe
 50179 | Crypt:3  | Killed a curse toe
 50246 | Crypt:3  | Noticed an ancient lich
 50603 | Crypt:3  | Killed an ancient lich
 50663 | Crypt:3  | Noticed a dread lich
 50665 | Crypt:3  | Noticed a dread lich
 50670 | Crypt:3  | Killed a dread lich
 50679 | Crypt:3  | Killed a dread lich
 50704 | Crypt:3  | Identified the ring of Bonniseo {rN+ Str-4 Int+8}
 50704 | Crypt:3  | Identified the ring of Hajyllex {rC+ rN+ Str+2 Stlth+}
 50704 | Crypt:3  | Identified the ring of Moodiness {rN+ Str+4 Dex+2}
 50866 | Crypt:1  | Reached XP level 23. HP: 215/215 MP: 28/28
 50908 | Crypt:1  | Killed Zucwae's ghost
 51440 | D:11     | You paid a toll of a +7 demon whip to enter a treasure
                  | trove
 51441 | Trove    | Entered a treasure trove
 51455 | Trove    | Got Jozeusaf's Cyclopedia of Blinking Black Rites
 51500 | Trove    | Got Ulilacid's Meditations on Ill-starred Position
 51614 | Depths:1 | Entered Level 1 of the Depths
 51678 | Depths:1 | Found a gateway to Hell.
 51944 | Depths:1 | Noticed the Enchantress
 52004 | Depths:1 | Killed the Enchantress
 52423 | Depths:1 | Found a one-way gate leading to the halls of Pandemonium.
 52899 | Depths:1 | Identified the +9 plate armour of the Lute {*Slow rPois
                  | rCorr Str+3}
 52900 | Depths:1 | Identified the +0 battleaxe "Lawazxey" {heavy, Drain +Blink
                  | rF++ rCorr}
 53069 | Depths:2 | Found a one-way gateway to a ziggurat.
 53153 | Depths:2 | Found a one-way gate to the infinite horrors of the Abyss.
 53307 | Depths:2 | Found a runed translucent gate.
 53323 | Depths:2 | Found a runed translucent gate.
 53324 | Depths:2 | Found a runed translucent gate.
 53324 | Depths:2 | Noticed Zonian's ghost (veteran DEIE)
 53325 | Depths:2 | Noticed Vacerub's ghost (adept TrMo)
 53326 | Depths:2 | Noticed a dread lich
 53357 | Depths:2 | Identified the staff of fire "Yrauqasia" {rPois rF+ Str+2
                  | Int-5}
 53941 | Depths:2 | Identified the +3 leather armour of the Enchanted Forest
                  | {rF+ rN+ Str+5 Int-4}
 53941 | Depths:2 | Noticed Boris
 53961 | Depths:2 | Killed Boris
 54076 | Depths:2 | Reached skill level 27 in Ranged Weapons
 54099 | Depths:2 | Identified the ring "Feven" {Fly rN+ AC+4 Dex-4}
 54656 | Depths:2 | Killed a dread lich
 54660 | Depths:2 | Killed Zonian's ghost
 54674 | Depths:2 | Killed Vacerub's ghost
 54685 | Depths:2 | Identified the +2 hat of Gygeynnem {Int+3}
 54690 | Depths:2 | Identified the ring of Seuneegi {rF+ rC+ Dex-2 Slay+3}
 54723 | Depths:2 | Identified the staff of death "Nikiol" {rC++ rN+}
 54764 | Depths:3 | Reached XP level 24. HP: 236/236 MP: 28/28
 54927 | Depths:3 | Noticed Parghit
 54943 | Depths:3 | Killed Parghit
 55141 | Depths:3 | Found Ufakkan's Jewellery Shoppe.
 55144 | Depths:3 | Bought the amulet "Wionyvuw" {Acrobat rF+ Regen+ Int+2
                  | Slay+6} for 1247 gold pieces
 55185 | Depths:3 | Found a runed translucent door.
 55221 | Depths:3 | Identified the ring of Oviot {+Blink rPois rC+ Will- rCorr}
 55229 | Depths:3 | Identified the +2 battleaxe "Kusem" {elec, rElec rCorr
                  | Str-2 Stlth+}
 55230 | Depths:3 | Identified the staff of poison "Memopni" {*Corrode Fly
                  | rPois rF+ Dex+4}
 55312 | Depths:3 | Noticed Sojobo
 55334 | Depths:3 | Killed Sojobo
 55866 | Depths:4 | Entered Level 4 of the Depths
 56047 | Depths:4 | Found a gate to the Realm of Zot.
 56339 | Depths:4 | Noticed a juggernaut
 56345 | Depths:4 | Killed a juggernaut
 57093 | Vaults:5 | Entered Level 5 of the Vaults
 57289 | Vaults:5 | Identified the +6 rapier of Colilali {holy, rPois Str+3}
 57344 | Vaults:5 | Noticed an ancient lich
 57350 | Vaults:5 | Killed an ancient lich
 57397 | Vaults:5 | Identified the staff of poison "Coojum" {+Blink rPois rC+
                  | Str-5 Int+3}
 57753 | Vaults:5 | Reached XP level 25. HP: 255/255 MP: 28/28
 57943 | Vaults:5 | Got a silver rune of Zot
 57996 | Vaults:5 | Identified the +3 leather armour of the Orcish Mines
                  | {Stlth+}
 58192 | Vaults:5 | Found the +8 demon trident "Rift" {distort, reach+}
 58198 | Vaults:5 | Identified the amulet of Biuplocy {Acrobat rN+}
 58208 | Vaults:5 | Got the Omnibus of the Cursed Storm
 58639 | Zot:1    | Entered Level 1 of the Realm of Zot
 58804 | Zot:1    | Reached skill level 27 in Fighting
 62260 | Zot:4    | Found a runed translucent door.
 62260 | Zot:4    | Noticed Urrumaza's ghost (master MfBe)
 62597 | Zot:4    | Killed Urrumaza's ghost
 62662 | Zot:5    | Entered Level 5 of the Realm of Zot
 62750 | Zot:5    | Reached XP level 26. HP: 266/266 MP: 28/28
 63102 | Zot:5    | Noticed an ancient lich
 63112 | Zot:5    | Killed an ancient lich
 63186 | Zot:5    | Noticed a dread lich
 63186 | Zot:5    | Noticed an orb of fire
 63188 | Zot:5    | Gained mutation: You have hidden genetic defects. [an orb
                  | of fire]
 63199 | Zot:5    | Killed an orb of fire
 63220 | Zot:5    | Killed a dread lich
 63225 | Zot:5    | Noticed an ancient lich
 63236 | Zot:5    | Killed an ancient lich
 63333 | Zot:5    | Noticed an ancient lich
 63335 | Zot:5    | Killed an ancient lich
 63343 | Zot:5    | Noticed an orb of fire
 63347 | Zot:5    | Noticed an ancient lich
 63351 | Zot:5    | Killed an orb of fire
 63354 | Zot:5    | Gained mutation: You are frail. (-10% HP) [hidden defects]
 63356 | Zot:5    | Killed an ancient lich
 63364 | Zot:5    | Reached skill level 27 in Dodging
 63364 | Zot:5    | Lost mutation: You are frail. (-10% HP) [potion of
                  | mutation]
 63364 | Zot:5    | Lost mutation: You have hidden genetic defects. [potion of
                  | mutation]
 63364 | Zot:5    | Gained mutation: You occasionally lose the ability to drink
                  | potions when taking damage. [potion of mutation]
 63364 | Zot:5    | Gained mutation: Your muscles are strong. (Str +4, Int/Dex
                  | -1) [potion of mutation]
 63725 | Zot:5    | Lost mutation: Your muscles are strong. (Str +4, Int/Dex
                  | -1) [potion of mutation]
 63725 | Zot:5    | Lost mutation: You occasionally lose the ability to drink
                  | potions when taking damage. [potion of mutation]
 63725 | Zot:5    | Gained mutation: Your muscles are strong. (Str +4, Int/Dex
                  | -1) [potion of mutation]
 63725 | Zot:5    | Gained mutation: You are dopey. (Int -2) [potion of
                  | mutation]
 63725 | Zot:5    | Gained mutation: You have a considerably increased
                  | reservoir of magic. (+20% MP) [potion of mutation]
 63725 | Zot:5    | Gained mutation: You have a beak for a mouth. [potion of
                  | mutation]
 63737 | Zot:5    | Got the Orb of Zot
 63822 | Zot:3    | Noticed Bekowuit the pandemonium lord
 64172 | D:$      | Escaped with the Orb!

Illustrated notes

Levels and vault maps discovered:
D:1:      ebering_trefoil_3fold, layout_loops_ring, minmay_cupped
D:2:      layout_basic, basic_altar, hangedman_decor_diamond_cutter,
          minmay_misc_feat_four_crosses, corexii_hall_statues_s,
          minmay_statues_item, item_on_display_a, uniq_crazy_yiuf_cottage
D:3:      wander_river, layout_basic, grunt_temple_overflow_open,
          shapermc_ecumenical_altar_acropolis
D:4:      layout_basic, ebering_ghost_disaster_area, uniq_duvessa
D:5:      lemuel_ice_spiral_2, layout_basic, minmay_temple_entry_offerings
D:6:      minmay_evil_eye, layout_gridville, minmay_misc_feat_iff,
          uniq_eustachio
D:7:      layout_cave_pods, uniq_menkaure, uniq_prince_ribbit1
D:8:      layout_loops_cross, minmay_lair_entry_grove, serial_shops, shop
D:9:      layout_loops_ring, orc_david_3, serial_shops,
          nicolae_shop_temple_entry_statues_fountains, hangedman_minor_magic
D:10:     layout_loops_corners
D:11:     layout_roguey [special_room_bee], enter_trove_3,
          nicolae_ru_sacrificial_ziggurat, uniq_harold
D:12:     layout_cave_pods, serial_shops, shop, dk_noncrumbling_4, uniq_jorgrun
D:13:     layout_rooms, ximxim_vaults_locker_room, nzn_ghost_randoct,
          disabler_island
D:14:     layout_irregular_city, hangedman_decor_cross_pass
D:15:     hangedman_depths_entry_civil_slaughter, layout_gridville,
          kiku_gazebo_pond_becter, uniq_agnes
Lair:1:   layout_roguey, gammafunk_ghost_cemetery, grunt_forest_stairs_basic,
          tgw_fedhas
Lair:2:   layout_gridlike, swamp_mist, spider_nest_entry_web_field,
          lemuel_fruit_tree
Lair:3:   kb_forest_paths, layout_small_grid, lemuel_fruit_fields,
          infiniplex_staircase_pool_2
Lair:4:   layout_cave_shapes, dpeg_slime_entry_enclosed,
          eino_small_chamber_without_monster, uniq_kirke
Lair:5:   minmay_lair_end_enchanted_forest, layout_concentric_octagons,
          serial_bayou_crossing, serial_bayou_shore_b
Swamp:1:  layout_basic_swamp, evilmike_swamp_ruin_house_5, uniq_frances
Swamp:2:  layout_basic_swamp, portal_ice_cave_entry_dragon,
          evilmike_swamp_ruin_house_4, uniq_louise
Swamp:3:  layout_falls_marsh, ebering_ghost_reflecting_pool, serial_swamp_ruin,
          evilmike_swamp_ruin_rubble_2, evilmike_swamp_ruin_house_6,
          evilmike_swamp_ruin_rubble_1, swamp_pool1, uniq_mara
Swamp:4:  swamp_old_school, layout_basic_swamp,
          gammafunk_ghost_berserking_beasts, swamp_pool2
Spider:1: nicolae_spider_corner, uniq_mlioglotl
Spider:2: layout_spider_delve, hangedman_spider_tarantella_strand
Spider:3: nicolae_spider_hilbert_zone_1 [nicolae_spider_hilbert_4_sides_1_open,
          nicolae_spider_hilbert_4_sides_1_open,
          nicolae_spider_hilbert_4_sides_1_open,
          nicolae_spider_hilbert_4_sides_1_open,
          nicolae_spider_hilbert_3_sides_1_open,
          nicolae_spider_hilbert_3_sides_1_open,
          nicolae_spider_hilbert_3_sides_1_open,
          nicolae_spider_hilbert_3_sides_1_open,
          nicolae_spider_hilbert_3_sides_1_open,
          nicolae_spider_hilbert_6_sides_1_open,
          nicolae_spider_hilbert_6_sides_1_open,
          nicolae_spider_hilbert_3_sides_1_open,
          nicolae_spider_hilbert_3_sides_1_open,
          nicolae_spider_hilbert_3_sides_1_open,
          nicolae_spider_hilbert_3_sides_1_open,
          nicolae_spider_hilbert_2_sides_1_open]
Spider:4: hellmonk_spider_rune_bug_friends, uniq_nikola
Orc:1:    layout_diamond_mine, ebering_ghost_xom, nicolae_orc_stony_grotto,
          uniq_josephine
Orc:2:    grunt_orc_community_town_hall, layout_diamond_mine,
          grunt_orc_community_big_house_2, grunt_orc_community_big_house_2,
          grunt_orc_community_house_3, grunt_orc_community_house_1,
          grunt_orc_community_house_2, grunt_orc_community_house_3,
          nicolae_shop_clearance
Elf:1:    cheibrodos_salmonella, layout_loops_corners, serial_glass,
          glass_columns_b, glass_columns_a, due_unseen_surprise,
          minmay_strange_pillars, item_on_display_b, minmay_elf_annihilation,
          minmay_misc_feat_pillars, uniq_donald
Elf:2:    nicolae_elf_blades_splatter_lattice
          [nicolae_blade_entry_crossed_weapons], layout_geoelf_diagonals,
          serial_shops, shop, shop_statue, nicolae_shop_stone,
          nicolae_shop_hallway_plus, minmay_misc_feat_ornament,
          grunt_ministairs_8
Elf:3:    minmay_elf_hall_statues, layout_gridlike,
          nicolae_elf_glass_and_crystal_pillar_1, uniq_aizul, uniq_roxanne
Vaults:1: ebering_ghost_xom, hangedman_vaults_slice, grunt_vaults_swirl,
          hangedman_vaults_variations, ontoclasm_vaults_chip,
          nicolae_vaults_network_star, vaults_mumra_minichess,
          nicolae_vaults_little_squares_2, ontoclasm_vaults_pinch,
          vaults_dpeg_ring, nicolae_vaults_layer_cake_slice, vaults_mumra_lcd,
          layout_vaults_omnibox, serial_shops, shop
Vaults:2: minmay_crypt_entry_simple_corners, nicolae_vaults_what_the_h,
          nicolae_vaults_three_branches, vaults_standard_mumra_x,
          nicolae_vaults_diamond_1, layout_vaults_quadrants, serial_glass
Vaults:3: mu_enter_wizlab_4, hangedman_vaults_unwind,
          vaults_standard_mumra_lines, v_misc_28, grunt_tower_of_power,
          nicolae_vaults_windows_and_doors_thing, hangedman_vaults_stagger,
          vaults_dpeg_emergency_exit, grunt_vaults_funnel,
          nicolae_vaults_double_plus_1, nicolae_vaults_little_squares_6,
          nicolae_vaults_little_ls, vaults_room_stairs_pillars,
          layout_vaults_maze
Vaults:4: nicolae_vaults_steering_wheel, vaults_room_pool, v_rooms_4, v_misc_19,
          nicolae_vaults_network_square, nicolae_vaults_trapezoid_2,
          nicolae_vaults_closet_pinwheel_5, grunt_vaults_trifunnel,
          nicolae_vaults_octothorpe, ontoclasm_vaults_decontamination,
          nicolae_vaults_tangram_2, nicolae_vaults_two_Ls, layout_vaults_ring,
          serial_shops, statue_bzr, uniq_saint_roka
Vaults:5: serial_shops
Crypt:1:  layout_chaotic_city, gammafunk_ghost_split,
          wad_floor_pattern_untrapped, serial_sigils_hangedman_scratch,
          uniq_mennas, uniq_margery
Crypt:2:  layout_misc_corridors, uniq_zenata
Crypt:3:  david_glass_crypt, layout_misc_corridors,
          tomb_entry_forgotten_bobbens, minmay_misc_feat_alley, minivault_24
Depths:1: minmay_nested_s, layout_honeycomb, abyss_entry, hell_entry,
          grunt_pan_entry_sceptre, grunt_ministairs_7, grunt_decor_one_mirror,
          minmay_fractal_squares_gapless_7, uniq_enchantress
Depths:2: evilmike_halls_of_destruction, layout_honeycomb, enter_ziggurat_f,
          hangedman_decor_clover_reticule,
          nicolae_abyss_entry_one_way_or_another, hellmouth_3,
          rand_demon_pan_entry_9, gammafunk_ghost_crypt, minmay_microvault
Depths:3: minmay_gate_of_8, layout_gridlike, abyss_entry_small_statue_room,
          grunt_hell_entry_dis_old, nicolae_twisting_strands, serial_shops,
          kennysheep_mini_moat, nicolae_titane, uniq_parghit, uniq_sojobo
Depths:4: grunt_x_marks_the_spot, layout_gridlike, pf_hell_entry_great_geh,
          hex_tiny, lemuel_flamethrower_3
Zot:1:    kennysheep_ambush_hall, layout_misc_corridors, st_stairs_9
Zot:2:    layout_gridlike, hangedman_snake_sidewinding
Zot:3:    layout_gridlike
Zot:4:    dreamdust_zin_vs_xom, layout_gridlike, gammafunk_ghost_grave,
          grunt_megastairs_1
Zot:5:    layout_onion, skrybe_zot_glass_2

Skill      XL: |  1  2  3  4  5  6  7  8  9 10 11 12 13 14 15 16 17 18 19 20 21 22 23 24 25 26 |
---------------+-------------------------------------------------------------------------------+-----
Ranged Weapons | 2 3 4 5 6 7 8 9 11 12 15 17 18 21 22 23 26 27 | 27.0
Fighting       | 1 5 8 10 16 20 23 26 27 | 27.0
Dodging        | 5 8 10 11 12 16 19 20 22 25 27 | 27.0
Evocations     | 1 5 |  5.0
Armour         | 5 10 | 10.9
Spellcasting   | |  1.0
Hexes          | |  2.6

Action                     |  1- 3 |  4- 6 |  7- 9 | 10-12 | 13-15 | 16-18 | 19-21 | 22-24 | 25-27 || total
---------------------------+-------+-------+-------+-------+-------+-------+-------+-------+-------++-------
  Melee: Sling             |       |       |       |     7 |       |       |       |       |       ||     7
         Arbalest          |       |       |       |       |       |       |       |     1 |       ||     1
   Fire: Sling             |   162 |   201 |   525 |   474 |       |       |       |       |       ||  1362
         Shortbow          |       |       |       |   793 |       |       |       |       |       ||   793
         Arbalest          |       |       |       |   134 |  1504 |  1062 |  1539 |  1645 |   735 ||  6619
  Throw: Dart              |       |     5 |    10 |       |       |       |       |       |       ||    15
   Cast: Slow              |     4 |       |    52 |    22 |       |       |       |       |       ||    78
  Evoke: Wand              |       |     2 |    17 |    23 |     8 |     6 |     6 |    21 |     1 ||    84
         Phantom mirror    |       |       |       |       |       |       |     1 |     3 |       ||     4
         Lightning rod     |       |       |       |       |       |       |       |     3 |       ||     3
         Tin of tremorston |       |       |       |       |       |       |       |     2 |       ||     2
         Phial of floods   |       |       |       |       |       |       |       |     1 |       ||     1
    Use: Scroll            |     4 |       |     5 |    13 |    25 |    21 |     5 |     7 |     4 ||    84
         Potion            |       |     1 |       |     4 |     7 |    10 |       |     5 |     5 ||    32
 Armour: Robe              |     8 |    12 |    76 |   101 |    77 |   118 |    29 |       |       ||   421
         Leather armour    |       |       |       |   135 |    86 |       |       |       |       ||   221
         Ice dragon scales |       |       |       |       |     5 |       |       |       |       ||     5
         Troll leather arm |       |       |       |       |       |       |    34 |   116 |    49 ||   199
  Dodge: Dodged            |    46 |    90 |   275 |   585 |   680 |   992 |   958 |  1450 |   637 ||  5713
